 Dungeon Crawl Stone Soup version 0.23-a0-78-gc252fe1 (webtiles) character file.

251 Amnesiac the Magician (level 5, -11/35 HPs)
             Began as a Mummy Air Elementalist on Aug 10, 2018.
             Mangled by Duvessa
             ... wielding a +0 rapier
              (15 damage)
             ... on level 4 of the Dungeon.
             The game lasted 00:04:01 (1172 turns).

Amnesiac the Magician (Mummy Air Elementalist)      Turns: 1172, Time: 00:04:02

Health: -11/35     AC:  7    Str: 11    XL:     5   Next: 88%
Magic:  8/12       EV: 12    Int: 15    God:
Gold:   37         SH:  0    Dex: 13    Spells: 6/13 levels left

rFire    . . .     SeeInvis .   a - +0 rapier (vamp)
rCold    + . .     Gourm    .   (no shield)
rNeg     + + +     Faith    .   l - +0 robe
rPois    ∞         Spirit   .   (no helmet)
rElec    .         Reflect  .   (no cloak)
rCorr    .         Harm     .   f - +0 pair of gloves
MR       .....                  (no boots)
Stlth    ++........             d - amulet of magic regeneration
HPRegen  0.11/turn              i - ring of protection from fire
MPRegen  0.38/turn              j - +4 ring of protection

@: very slightly contaminated
A: no food or potions, fire vulnerability, cold resistance 1, negative energy
resistance 3, torment resistance, unbreathing
a: no special abilities


You were on level 4 of the Dungeon.
You were not hungry.

You visited 1 branch of the dungeon, and saw 4 of its levels.

You collected 37 gold pieces.

Inventory:

Hand Weapons
 a - a +0 vampiric rapier (weapon)
Armour
 f - a +0 pair of gloves (worn)
 l - a +0 robe (worn)
Jewellery
 d - an amulet of magic regeneration (around neck)
 i - a ring of protection from fire (left hand)
 j - a +4 ring of protection (right hand)
Scrolls
 b - 3 scrolls of remove curse {!r, unknown}
 c - 3 scrolls of identify {!r, unknown}
 e - 2 scrolls of fog {!r, unknown}
 g - a scroll of amnesia {!r, unknown}
 h - a scroll of teleportation {!r, unknown}
 k - a scroll of enchant armour {!r, unknown}


   Skills:
 - Level 1.5 Dodging
 - Level 1.5 Stealth
 + Level 4.7 Spellcasting
 - Level 0.7 Conjurations
 * Level 4.7 Air Magic


You had 6 spell levels left.
You knew the following spells:

 Your Spells              Type           Power        Failure   Level  Hunger
a - Shock                 Conj/Air       ##..         5%          1    N/A
d - Airstrike             Air            ###.......   24%         4    N/A
z - Swiftness             Chrm/Air       ##......     10%         2    N/A

Your spell library contained the following spells:

 Spells                   Type           Power        Failure   Level  Hunger
 Lightning Bolt           Conj/Air       ##........   83%         5    N/A
 Static Discharge         Conj/Air       ##......     16%         3    N/A

Dungeon Overview and Level Annotations

Branches:
Dungeon (4/15)
 Temple: D:4-7

Altars:
Dithmenos
Nemelex Xobeh

Annotations:
D:1 exclusion: 2 doors
D:4 Dowan, Duvessa, Menkaure


Innate Abilities, Weirdness & Mutations

You do not eat or drink.
Your flesh is vulnerable to fire.
You are immune to poison.
Your flesh is cold resistant. (rC+)
You are immune to negative energy. (rN+++)
You are immune to unholy pain and torment.
You can survive without breathing.


Message History

Press: ? - help, Shift-Dir - straight line The zap hits Duvessa.
Duvessa is moderately wounded.
The zap hits Menkaure.
Menkaure is moderately damaged.
The zap hits Menkaure.
Menkaure is heavily damaged.
The zap hits Duvessa.
Duvessa is moderately wounded.
Duvessa hits you with a rapier.
* * * LOW HITPOINT WARNING * * *
Menkaure casts a spell.
Menkaure seems to speed up.
Unknown command.
Casting: Shock (safe; 5% risk of failure)
Confirm with . or Enter, or press ? or * to list all spells.
Aiming: Shock (safe; 5% risk of failure)
Press: ? - help, Shift-Dir - straight line The zap hits Duvessa.
Duvessa is heavily wounded.
The zap hits Menkaure.
Menkaure is heavily damaged.
The zap hits Menkaure.
Menkaure is severely damaged.
The zap hits Duvessa.
Duvessa is heavily wounded.
Duvessa closely misses you.
Unknown command.
Casting: Shock (safe; 5% risk of failure)
Confirm with . or Enter, or press ? or * to list all spells.
Aiming: Shock (safe; 5% risk of failure)
Press: ? - help, Shift-Dir - straight line You miscast Shock.
You are very lightly contaminated with residual magic.
You feel a strange surge of energy! Duvessa hits you with a rapier!
* * * LOW HITPOINT WARNING * * *
Unknown command.
Casting: Shock (safe; 5% risk of failure)
Confirm with . or Enter, or press ? or * to list all spells.
Aiming: Shock (safe; 5% risk of failure)
Press: ? - help, Shift-Dir - straight line The zap misses Duvessa.
The zap misses Menkaure.
The zap hits Dowan.
Dowan is lightly wounded.
The zap hits Dowan.
Dowan is moderately wounded.
Duvessa misses you.
Casting: Shock (safe; 5% risk of failure)
Confirm with . or Enter, or press ? or * to list all spells.
Aiming: Shock (safe; 5% risk of failure)
Press: ? - help, Shift-Dir - straight line The zap hits Duvessa.
Duvessa is heavily wounded.
The zap hits Menkaure.
Menkaure is severely damaged.
The zap hits Dowan.
Dowan is heavily wounded.
The zap hits Dowan.
Dowan is heavily wounded.
The zap hits Menkaure.
Menkaure is severely damaged.
The zap hits Duvessa.
Duvessa is severely wounded.
Duvessa hits you with a rapier!
You die...

#### ...#
##.##################
#...............@eMe#
#..################.#
#..# #$# #(.## ###
#.# .... ... .e. ...#
##.## ##..#
!..###...### #e.#
...##...... ...# ...#
#...###### #...


You could see Duvessa, Menkaure and Dowan.

Vanquished Creatures
  Eustachio (D:4)
  A scorpion (D:4)
  A gnoll (D:1)
  2 adders
  2 dart slugs
  A worm (D:2)
  A leopard gecko (D:2)
  2 bats
  A giant cockroach (D:1)
  2 goblins
  3 hobgoblins
  3 jackals (D:1)
  A quokka (D:4)
  3 ball pythons
  2 frilled lizards (D:2)
  3 kobolds
  A leopard gecko skeleton (D:4)
  3 rats
33 creatures vanquished.

Notes
Turn   | Place    | Note
-------+----------+-------------------------------------------
     0 | D:1      | Amnesiac the Mummy Air Elementalist began the quest for the Orb.
     0 | D:1      | Reached XP level 1. HP: 13/13 MP: 4/4
   150 | D:1      | Reached XP level 2. HP: 10/19 MP: 0/5
   208 | D:1      | Learned a level 2 spell: Swiftness
   248 | D:1      | Found a sparkling altar of Nemelex Xobeh.
   588 | D:2      | Reached XP level 3. HP: 24/24 MP: 2/7
   751 | D:2      | Found a shadowy altar of Dithmenos.
   994 | D:4      | Noticed a scorpion
  1010 | D:4      | Killed a scorpion
  1010 | D:4      | Reached XP level 4. HP: 29/30 MP: 3/10
  1016 | D:4      | Learned a level 4 spell: Airstrike
  1037 | D:4      | Noticed Eustachio
  1097 | D:4      | Killed Eustachio
  1097 | D:4      | Reached XP level 5. HP: 19/35 MP: 0/12
  1158 | D:4      | Noticed Duvessa
  1158 | D:4      | Noticed Dowan
  1165 | D:4      | Noticed Menkaure
  1172 | D:4      | Mangled by Duvessa

Vault maps used:
D:1:      co_arrival_random_square_maze, nemelex_xobeh_ov_fountains_minmay
D:2:      nicolae_dithmenos_through_a_glass_darkly, first_ration
D:3:      lemuel_doored_altar, chequers_ecumenical_altar_simple_redux,
          nicolae_ru_great_annihilating_truth, uniq_robin
D:4:      overflow_temple_1_default, gup_sewer_entry_glass, uniq_eustachio,
          uniq_menkaure, uniq_duvessa

Skill      XL: |  1  2  3 |
---------------+----------+-----
Spellcasting   | 3 4 |  4.7
Air Magic      | 3 4 |  4.7
Dodging        | |  1.5
Stealth        | |  1.5
Conjurations   | |  0.7

Action                   |  1- 3 |  4- 6 || total
-------------------------+-------+-------++-------
Melee: Unarmed           |     9 |       ||     9
       Rapier            |       |     3 ||     3
 Cast: Shock             |    71 |    13 ||    84
       Airstrike         |       |     5 ||     5
Armor: Robe              |     4 |     3 ||     7
Dodge: Dodged            |    26 |    17 ||    43

Table legend:
 A = Non-vault XP
 B = Vault XP
 C = Vault XP percentage of total XP
 D = Non-vault monster count
 E = Vault monster count
 F = Vault count percentage of total count
 G = Total turns spent on level
                 A         B        C        D         E       F
            +---------+---------+-------+---------+---------+-------
      Total |     163 |     196 |  54.6 |      32 |       1 |   3.0
            +---------+---------+-------+---------+---------+-------
        D:1 |      37 |       0 |   0.0 |      14 |       0 |   0.0
        D:2 |      33 |       0 |   0.0 |      12 |       0 |   0.0
        D:3 |      20 |       0 |   0.0 |       3 |       0 |   0.0
        D:4 |      73 |     196 |  72.9 |       3 |       1 |  25.0
            +---------+---------+-------+---------+---------+-------
